 Dungeon Crawl Stone Soup version 0.24.0-13-gcf9b3192b9 (webtiles) character file.

Game seed: 16134130689581594944, levelgen mode: deterministic

195 Matador8 the Gusty (level 5, -3/38 HPs)
             Began as a Draconian Air Elementalist on Nov 7, 2019.
             Killed by nerve-wracking pain
             ... invoked by Grinder
              (12 damage)
             ... on level 3 of the Dungeon.
             The game lasted 00:14:58 (3249 turns).

Matador8 the Gusty (Draconian Air Elementalist)     Turns: 3249, Time: 00:14:59

Health: -3/38      AC:  5    Str: 10    XL:     5   Next: 45%
Magic:  0/8        EV: 12    Int: 16    God:
Gold:   118        SH:  0    Dex: 12    Spells: 2/8 levels left

rFire    . . .     SeeInvis .   a - +2 dagger (protect)
rCold    . . .     Gourm    .   (no shield)
rNeg     . . .     Faith    .   (armour unavailable)
rPois    .         Spirit   .   (helmet restricted)
rElec    .         Reflect  .   (no cloak)
rCorr    .         Harm     .   (no gloves)
MR       .....                  (no boots)
Stlth    ++........             (no amulet)
HPRegen  0.12/turn              (no ring)
MPRegen  0.11/turn              (no ring)

@: no status effects
A: unfitting armour, cold-blooded, AC +5
a: no special abilities


You were on level 3 of the Dungeon.
You were very hungry.

You visited 1 branch of the dungeon, and saw 3 of its levels.

You collected 118 gold pieces.

Inventory:

Hand Weapons
 a - a +2 dagger of protection (weapon)
 m - a +0 quarterstaff
 n - a +3 mace
Missiles
 j - 6 silver boomerangs (quivered)
Armour
 i - a +0 buckler
Jewellery
 h - a +3 ring of strength {unknown}
Scrolls
 c - a scroll of blinking {unknown}
 e - 2 scrolls of amnesia {unknown}
 f - 2 scrolls of identify {unknown}
 k - 2 scrolls of noise {unknown}
 l - a scroll of magic mapping {unknown}
 o - 3 scrolls of teleportation {unknown}
 r - a scroll of remove curse {unknown}
Potions
 g - a potion of curing
 q - a potion of lignification {unknown}
Comestibles
 b - 5 rations


   Skills:
 - Level 1.7 Dodging
 - Level 1.7 Stealth
 - Level 2.0 Spellcasting
 + Level 3.8 Conjurations
 + Level 4.8 Air Magic


You had 2 spell levels left.
You knew the following spells:

 Your Spells              Type           Power        Failure   Level  Hunger
a - Shock                 Conj/Air       ###.         3%          1    #......
b - Swiftness             Chrm/Air       #.......     12%         2    ###....
c - Static Discharge      Conj/Air       ###.....     11%         3    ###....

Your spell library contained the following spells:

 Spells                   Type           Power        Failure   Level  Hunger
 Airstrike                Air            ###.......   28%         4    #####..
 Lightning Bolt           Conj/Air       ###.......   67%         5    ######.


Dungeon Overview and Level Annotations

Branches:
Dungeon (3/15)

Altars:
Trog
Wu Jian

Annotations:
D:3 Grinder


Innate Abilities, Weirdness & Mutations

Your plain brown scales are hard. (AC +5)
You cannot fit into any form of body armour.
You are cold-blooded and may be slowed by cold attacks.


Message History

You can move again.
Casting: Shock (safe; 3% risk of failure)
Confirm with . or Enter, or press ? or * to list all spells.
Aiming: Shock (safe; 3% risk of failure)
Press: ? - help, Shift-Dir - straight line The zap hits Grinder.
Grinder is almost dead.
Grinder barely misses you.
It was a potion of curing.
You feel better. Grinder barely misses you.
You barely miss Grinder.
You tail-slap Grinder, but do no damage.
Grinder is almost dead.
Grinder gestures at you. Pain shoots through your body!
* * * LOW HITPOINT WARNING * * *
You barely miss Grinder.
Grinder is almost dead.
Grinder gestures at you. Pain shoots through your body!
You die...

#.#####.###...##
#.#......#.# #.####
#.#.###..#.# #.....
#..........###.####
###.#####.....##
#.# ##...## ## #.#
##.## #.###(# #.#
#.5@.# #.# #.#####
##'## #. ##...## #.
##.....## #^
##.......## #.
#.........### #.
+.....[...'.. #.
#.........###
##.......##


You could see Grinder.

Vanquished Creatures
  Terence (D:3)
  An orc wizard (D:3)
  6 adders
  An ooze (D:3)
  2 worms (D:3)
  2 dart slugs
  3 orcs
  A ball python (D:2)
  2 giant cockroaches
  10 goblins
  10 hobgoblins
  4 jackals (D:3)
  7 kobolds
  A quokka (D:3)
  10 bats
  5 frilled lizards
  9 rats
75 creatures vanquished.

Notes
Turn   | Place    | Note
-------+----------+-------------------------------------------
     0 | D:1      | Matador8 the Draconian Air Elementalist began the quest for
                  | the Orb.
     0 | D:1      | Reached XP level 1. HP: 14/14 MP: 3/3
   217 | D:1      | Reached XP level 2. HP: 20/20 MP: 1/5
   798 | D:2      | Reached XP level 3. HP: 26/26 MP: 4/6
  1054 | D:2      | Reached skill level 4 in Air Magic
  1227 | D:2      | Reached XP level 4. HP: 33/33 MP: 0/7
  1369 | D:2      | Found an ornate altar of the Wu Jian Council.
  1962 | D:3      | Noticed Terence
  1983 | D:3      | Killed Terence
  2150 | D:3      | Reached XP level 5. HP: 19/38 MP: 0/8
  2255 | D:3      | Learned a level 2 spell: Swiftness
  2259 | D:3      | Learned a level 3 spell: Static Discharge
  2294 | D:3      | Found a bloodstained altar of Trog.
  3210 | D:3      | Noticed Grinder
  3241 | D:3      | Paralysed by Grinder for 5 turns
  3249 | D:3      | Killed from afar by Grinder

Levels and vault maps discovered:
D:1:      eino_arrival_cavern_e, layout_rooms, chequers_serial_rivers_marsh,
          chequers_arboretum
D:2:      layout_loops_ring, lemuel_doored_altar, first_ration
D:3:      layout_loops_corners, lightli_temple_of_fire, uniq_terence,
          uniq_grinder

Skill      XL: |  1  2  3  4 |
---------------+-------------+-----
Conjurations   | 2 3 |  3.8
Air Magic      | 4 |  4.8
Dodging        | |  1.7
Stealth        | |  1.7
Spellcasting   | |  2.0

Action                   |  1- 3 |  4- 6 || total
-------------------------+-------+-------++-------
Melee: Dagger            |    42 |   104 ||   146
       Tailslap          |     2 |    13 ||    15
 Cast: Shock             |    60 |   100 ||   160
  Use: Potion            |       |     3 ||     3
 Stab: Sleeping          |     1 |       ||     1
  Eat: Chunk             |     2 |     7 ||     9
Armor: Skin              |    14 |    49 ||    63
Dodge: Dodged            |    41 |    65 ||   106
